Map: Backwater LE

Players

Trizztein - Winner!

  • Race: Terran Terran
  • League: Diamond
  • Spawn Location: 11:00

Jardz

  • Race: Zerg Zerg
  • League: Diamond
  • Spawn Location: 5:00

VOD

Have the link to the VOD?

Description

Time

  • Played on: March 1, 2018, 8:11 a.m.
  • Length: 19:53
Show
View Real Time Build Order
Export as new Build Order

Trizztein Terran - Winner!

Build Orders: Reaper Expand, Hellion Banshee, Mech 

Get SALT Encoding   

  12  0:00  SCV  
  13  0:12  SCV  
  14  0:17  Supply Depot  
  14  0:25  SCV  
  15  0:38  SCV  
  15  0:41  Barracks  
  16  0:46  Refinery  
  16  0:50  SCV  
  17  1:03  SCV  
  18  1:21  SCV  
  19  1:29  Reaper  
  20  1:35  Command Center  
  20  1:42  Orbital Command  
  20  1:55  Supply Depot  
  20  2:01  Marine  
  20  2:06  Factory  
  21  2:10  SCV  
  22  2:16  Refinery  
  22  2:22  SCV  
  23  2:26  Barracks Reactor  
  23  2:34  SCV  
  24  2:49  Orbital Command  
  24  2:52  SCV  
  25  3:04  SCV  
  26  3:09  Starport  
  30  3:13  Hellion x2  
  30  3:16  SCV  
  30  3:17  Barracks Tech Lab  
  30  3:33  SCV  
  35  3:34  Hellion x2  
  35  3:35  Supply Depot  
  35  3:38  SCV  
  36  3:45  SCV  
  37  3:50  SCV  
  37  3:53  Banshee, Cloaking Field  
  41  3:56  Hellion x2  
  41  3:58  Supply Depot, SCV  
  46  4:07  Supply Depot  
  46  4:08  SCV  
  47  4:10  SCV  
  47  4:13  Armory  
  48  4:17  Hellion  
  48  4:20  Hellion, SCV  
  53  4:24  SCV  
  54  4:32  SCV  
  54  4:37  Medivac  
  57  4:48  Command Center  
  57  4:53  Supply Depot, SCV  
  57  4:56  SCV  
  57  4:57  Refinery x2  
  59  5:00  Supply Depot  
  59  5:10  SCV x2  
  61  5:14  Factory  
  61  5:18  Barracks Tech Lab  
  61  5:22  SCV x2  
  61  5:27  Hellion x5  
  63  5:33  Hellion x2  
  63  5:34  SCV  
  68  5:36  Banshee  
  68  5:37  Factory  
  65  5:54  Hellion x2  
  65  6:01  Orbital Command  
  59  6:16  Siege Tank  
  59  6:18  Cyclone  
  65  6:19  Factory  
  65  6:20  Factory  
  65  6:28  SCV  
  65  6:29  SCV  
  65  6:31  SCV  
  68  6:35  Factory Tech Lab  
  68  6:41  SCV x2  
  68  6:43  SCV, Viking  
  73  6:47  Barracks Reactor  
  73  6:49  Siege Tank  
  73  6:53  SCV x2  
  78  6:55  SCV  
  83  7:01  Hellion x2, Siege Tank  
  83  7:05  SCV x2  
  83  7:06  Factory Tech Lab x2  
  83  7:08  Factory Reactor  
  88  7:14  SCV  
  87  7:22  Supply Depot  
  89  7:23  Supply Depot  
  89  7:24  Thor  
  93  7:32  Orbital Command  
  93  7:45  SCV x2  
  93  7:50  Terran Vehicle Weapons Level 1  
  95  7:53  Refinery  
  95  7:55  Supply Depot, Armory  
  95  7:56  Infernal Pre-Igniter, Refinery  
  95  7:57  Engineering Bay, SCV x2  
  97  8:03  Hellion x4  
  97  8:04  Hellion  
  107  8:09  SCV  
  107  8:12  SCV  
  101  8:13  Hellion, Siege Tank  
  101  8:14  SCV  
  107  8:21  SCV  
  107  8:24  Hellion  
  107  8:25  SCV  
  107  8:26  SCV  
  112  8:33  SCV  
  113  8:37  Hellion, SCV  
  113  8:38  Hellion x2, Siege Tank, SCV  
  124  8:45  Command Center, SCV  
  125  8:50  Liberator  
  125  8:59  Factory  
  125  9:02  Factory  
  125  9:08  Hellion x5, Supply Depot x2, Siege Tank  
  141  9:10  Supply Depot  
  141  9:15  SCV x2  
  141  9:23  Hellion, SCV  
  141  9:30  Hellion x3, SCV x2  
  149  9:33  Liberator  
  149  9:34  Hellion x2  
  149  9:35  SCV  
  149  9:36  Supply Depot  
  154  9:39  Liberator  
  154  9:40  Supply Depot, Siege Tank  
  154  9:43  Terran Vehicle And Ship Armor Level 1  
  154  9:44  Siege Tank  
  160  9:46  Factory Tech Lab  
  160  9:47  Hellion  
  160  9:48  Terran Vehicle Weapons Level 2  
  165  9:57  Hellion  
  165  9:58  Siege Tank  
  165  9:59  Hellion x3  
  179  10:02  SCV  
  179  10:03  SCV  
  181  10:07  Hellion  
  181  10:09  Hellion  
  181  10:11  Supply Depot  
  181  10:13  Barracks Reactor  
  185  10:15  Barracks Tech Lab  
  185  10:16  Starport  
  185  10:20  Refinery  
  185  10:21  Siege Tank  
  188  10:22  Refinery  
  188  10:27  Planetary Fortress  
  188  10:33  Viking  
  190  10:37  Hellion x3, Siege Tank  
  200  10:57  Hellion x2  
  200  11:09  Liberator  
  196  11:31  Starport x2  
  199  11:33  Starport  
  199  11:37  Hellion  
  199  11:43  Command Center  
  199  11:46  Command Center x2  
  191  12:08  Hellion x4  
  199  12:10  Liberator x2  
  178  12:16  Hellion x2, Siege Tank  
  178  12:17  Hellion, Siege Tank  
  153  12:29  Hellion x4  
  143  12:37  Siege Tank x2  
  143  12:38  Hellion  
  151  12:48  Siege Tank  
  151  12:49  Siege Tank  
  151  12:50  Hellion x2  
  151  12:51  Hellion  
  163  12:54  Hellion  
  154  12:59  Siege Tank  
  154  13:04  Starport Tech Lab  
  155  13:06  Starport Tech Lab  
  155  13:07  Starport Tech Lab  
  155  13:09  Siege Tank  
  155  13:10  Hellion, Viking x2  
  155  13:12  Hellion x3  
  170  13:15  Hellion  
  170  13:16  Command Center  
  172  13:21  Hellion x2  
  172  13:24  Missile Turret  
  176  13:27  Missile Turret x2  
  176  13:31  Hellion x2  
  180  13:38  Hellion x4  
  188  13:42  Siege Tank x2, Banshee  
  200  14:12  Refinery x2  
  189  14:29  Hellion x2  
  177  14:33  Hellion x3  
  177  14:36  Starport Tech Lab  
  177  14:37  Hellion x4  
  191  14:43  Banshee  
  191  14:44  Banshee  
  194  14:51  Hellion x2  
  198  14:54  Hellion  
  198  15:04  Hyperflight Rotors  
  192  15:27  Siege Tank x2  
  192  15:28  Hellion x2  
  196  15:29  Banshee  
  193  15:56  Banshee x2  
  159  16:11  Banshee  
  159  16:14  Siege Tank x4  
  159  16:15  Hellion x3, Siege Tank  
  159  16:16  Hellion, Viking x2  
  185  16:28  Command Center  
  182  16:37  Hellion x4  
  182  16:39  Banshee x2  
  193  16:46  Hellion x2, Viking  
  199  16:49  Siege Tank x2  
  195  17:16  SCV x2  
  195  17:17  Siege Tank  
  174  17:37  Planetary Fortress  
  140  18:10  Cyclone x3  
  139  18:20  Hellion x2  
  143  18:28  Orbital Command  
  143  18:30  Hellion x2  
  143  18:33  Hellion x2  
  139  18:41  Hellion  
  139  18:42  Hellion x2  
  139  18:46  Hellion x2  
  143  18:52  Hellion x2  
  143  18:54  Hellion  
  143  18:55  Hellion  
  148  18:58  Banshee x3  
  157  19:03  Hellion, Siege Tank  
  157  19:04  Hellion  
  157  19:07  Hellion  
  166  19:13  Siege Tank, Refinery x2  
  166  19:14  Sensor Tower  
  170  19:50  Refinery, Sensor Tower  
  170  19:52  Refinery  
Show
View Real Time Build Order
Export as new Build Order

Jardz Zerg 

Build Orders: Hatch First, Swarm Host 

Get SALT Encoding   

  12  0:01  Drone  
  13  0:13  Overlord  
  13  0:17  Drone  
  14  0:31  Drone x2  
  16  0:37  Drone  
  17  0:54  Hatchery  
  16  1:06  Spawning Pool  
  16  1:09  Drone  
  16  1:17  Drone  
  16  1:18  Drone  
  18  1:21  Drone  
  19  1:34  Drone  
  20  1:54  Queen  
  22  2:06  Zergling x4  
  22  2:07  Queen, Hatchery  
  25  2:22  Drone x2  
  27  2:24  Overlord  
  27  2:30  Drone  
  29  2:51  Drone x4  
  29  2:52  Drone x2  
  34  3:03  Overlord  
  34  3:07  Drone x2  
  34  3:10  Extractor x2  
  34  3:11  Extractor  
  34  3:12  Drone x2  
  35  3:28  Drone x2  
  37  3:43  Drone x2  
  37  3:48  Drone x6  
  42  3:50  Queen  
  42  3:51  Overlord  
  42  3:52  Metabolic Boost  
  47  4:03  Roach Warren  
  47  4:05  Spore Crawler  
  47  4:06  Spore Crawler, Lair  
  47  4:09  Spore Crawler  
  43  4:11  Drone  
  43  4:12  Drone  
  43  4:13  Spore Crawler, Drone  
  45  4:19  Queen  
  47  4:33  Drone  
  47  4:34  Drone x3  
  51  4:44  Overlord x2  
  51  4:45  Overlord  
  51  4:54  Extractor  
  51  4:57  Evolution Chamber  
  51  4:59  Evolution Chamber  
  48  5:01  Drone x2  
  48  5:03  Spine Crawler, Drone x2  
  51  5:09  Hydralisk Den  
  51  5:14  Roach x4  
  56  5:15  Drone x2  
  56  5:16  Drone  
  61  5:24  Overseer  
  61  5:27  Zergling x4  
  57  5:41  Queen  
  57  5:42  Queen x2  
  59  5:50  Roach x3  
  58  5:58  Drone  
  58  5:59  Drone x4  
  58  6:03  Roach x4, Drone  
  62  6:12  Drone x2  
  62  6:16  Muscular Augments  
  62  6:17  Zerg Missile Weapons Level 1  
  64  6:20  Ravager x4  
  64  6:25  Zerg Ground Armor Level 1  
  64  6:28  Drone x4  
  68  6:33  Overlord  
  68  6:34  Overlord  
  68  6:41  Glial Reconstitution  
  68  6:44  Roach  
  68  6:45  Roach x2  
  68  6:46  Overlord  
  74  6:57  Drone x3  
  72  7:07  Drone  
  72  7:08  Drone x10  
  78  7:24  Overlord x2  
  78  7:35  Spine Crawler  
  77  7:48  Grooved Spines  
  77  7:51  Infestation Pit  
  76  7:56  Hatchery  
  75  8:13  Roach x16  
  75  8:14  Roach x2  
  109  8:23  Baneling Nest  
  109  8:24  Zerg Missile Weapons Level 2  
  109  8:26  Overseer  
  108  8:29  Pneumatized Carapace  
  108  8:33  Extractor  
  107  8:35  Extractor  
  107  8:37  Drone  
  107  8:38  Drone x2  
  109  8:49  Zerg Ground Armor Level 2  
  109  8:56  Ravager  
  109  8:57  Ravager  
  111  9:05  Ravager  
  112  9:36  Overlord x3  
  112  9:37  Overlord x3  
  112  9:42  Overlord x3  
  112  9:56  Spore Crawler x2  
  112  9:57  Swarm Host  
  112  9:58  Hydralisk x10  
  133  10:03  Drone x2  
  133  10:04  Drone x2  
  133  10:05  Drone  
  138  10:09  Drone  
  138  10:10  Drone x4  
  141  10:36  Swarm Host  
  141  10:37  Swarm Host x4  
  157  10:48  Drone x6  
  163  10:58  Ravager  
  163  10:59  Ravager x2  
  163  11:02  Drone  
  163  11:03  Drone x5  
  172  11:12  Swarm Host x2  
  165  11:26  Drone  
  165  11:27  Drone x3  
  165  11:28  Overlord x2  
  165  11:32  Hive  
  169  11:35  Roach x4  
  175  11:53  Roach  
  175  11:54  Roach x8  
  193  11:57  Extractor  
  154  12:26  Roach  
  154  12:27  Roach x15  
  177  12:44  Hydralisk  
  177  12:45  Hydralisk x3  
  177  12:50  Hatchery  
  172  13:00  Roach  
  172  13:01  Roach x8  
  181  13:15  Drone, Spine Crawler  
  181  13:16  Spine Crawler, Drone x2  
  181  13:17  Swarm Host, Spine Crawler x2  
  181  13:18  Swarm Host  
  187  13:32  Swarm Host  
  187  13:33  Spire, Swarm Host  
  187  13:47  Burrow  
  179  13:58  Queen  
  179  14:02  Extractor x2  
  179  14:03  Extractor  
  179  14:04  Ravager  
  179  14:05  Ravager x7  
  179  14:09  Overseer  
  138  14:36  Hydralisk  
  138  14:37  Hydralisk x10  
  160  14:51  Roach  
  160  14:52  Corruptor  
  164  14:55  Drone x2  
  164  14:56  Drone  
  164  14:58  Roach  
  164  14:59  Roach x9  
  179  15:29  Roach  
  179  15:30  Roach x11  
  195  15:41  Roach  
  180  16:01  Roach, Overlord  
  180  16:02  Overlord x2  
  169  16:05  Overseer x2  
  159  16:13  Hydralisk  
  159  16:14  Hydralisk x4  
  159  16:16  Overseer  
  165  16:23  Swarm Host x4  
  169  16:42  Roach x6  
  169  16:57  Swarm Host  
  169  16:58  Swarm Host x4  
  140  17:57  Roach x6  
  140  17:58  Roach x10  
  142  18:32  Swarm Host  
  142  18:33  Swarm Host x5  
  124  18:45  Hatchery  
  110  18:56  Overseer  
  110  18:57  Overseer  
  107  19:07  Roach x5  
  117  19:14  Spore Crawler  
  117  19:16  Spore Crawler, Spine Crawler  
  114  19:24  Hydralisk x2  
  114  19:25  Hydralisk  
Tags
 
Add a new tag
Caveats
  • Supply blocks, unpowered buildings, or Contaminate may cause inaccurate times.
  • Supply counts are checked every 10 seconds.